 Dungeon Crawl Stone Soup version 0.30-a0-634-g8abc85282e (webtiles) character file.

Game seed: 10119708481905877812

137 PyroL the Digger (level 5, -3/28 HPs)
             Began as a Gargoyle Earth Elementalist on Jan 15, 2023.
             Slain by an iguana (10 damage)
             ... on level 4 of the Dungeon.
             The game lasted 00:04:41 (3200 turns).

PyroL the Digger (Gargoyle Earth Elementalist)      Turns: 3200, Time: 00:04:42

Health: -3/28      AC:  7    Str: 12    XL:     5   Next: 20%
Magic:  6/9        EV: 12    Int: 17    God:
Gold:   131        SH:  0    Dex: 16    Spells: 4/10 levels left

rFire   . . .      SeeInvis .    e - +0 whip
rCold   . . .      Faith    .    (no shield)
rNeg    + . .      Spirit   .    a - +0 robe
rPois   ∞          Reflect  .    (no helmet)
rElec   +          Harm     .    (no cloak)
rCorr   .          Rampage  .    (no gloves)
Will    .....                    p - +0 pair of boots
Stlth   ++                       (no amulet)
HPRegen 0.24/turn                k - +6 ring of dexterity
MPRegen 0.11/turn                (no ring)

@: no status effects
A: sickness immunity, AC +4, negative energy resistance 1, electricity
resistance, torment resistance 1, petrification resistance
a: no special abilities


You were on level 4 of the Dungeon.
You visited 1 branch of the dungeon, and saw 4 of its levels.

You collected 131 gold pieces.

Inventory:

Hand Weapons
 e - a +0 whip (weapon)
Missiles
 j - 2 javelins
Armour
 a - a +0 robe (worn)
 p - a +0 pair of boots (worn)
Jewellery
 k - a +6 ring of dexterity (left hand)
 o - a ring of fire
Scrolls
 g - a scroll of vulnerability {unknown}
 i - 2 scrolls of enchant weapon {unknown}
 l - a scroll of blinking {unknown}
 m - a scroll of fog {unknown}
 n - a scroll of teleportation {unknown}
Potions
 b - 2 potions of magic
 c - 2 potions of brilliance
 d - 2 potions of flight {unknown}
 f - a potion of lignification {unknown}
 h - a potion of curing {unknown}
 q - a potion of ambrosia {unknown}
 r - a potion of degeneration {unknown}


   Skills:
 - Level 1.5 Dodging
 - Level 2.1 Stealth
 + Level 3.2 Spellcasting
 - Level 2.0 Transmutations
 + Level 0.8 Fire Magic
 + Level 4.9 Earth Magic


You had 4 spell levels left.
You knew the following spells:

 Your Spells              Type           Power      Damage    Failure   Level
a - Sandblast             Erth           38%        2d10      2%          1
b - Passwall              Tmut/Erth      11%        N/A       6%          2
c - Stone Arrow           Conj/Erth      22%        3d8       19%         3

Your spell library contained the following spells:

 Spells                   Type           Power      Damage    Failure   Level
 Scorch                   Fire           10%        2d5       19%         2
 Ensorcelled Hibernation  Hex/Ice        4%         N/A       26%         2
 Spider Form              Tmut/Pois      6%         N/A       32%         3
 Petrify                  Tmut/Erth      14%        N/A       38%         4
 Inner Flame              Hex/Fire       4%         N/A       41%         3
 Flame Wave               Conj/Fire      4%         2d5       82%         4
 Anguish                  Hex/Necr       1%         N/A       86%         4
 Cause Fear               Hex            1%         N/A       86%         4
 Summon Cactus Giant      Summ           1%         N/A       100%        6
 Enfeeble                 Hex            1%         N/A       100%        7
 Discord                  Hex            1%         N/A       100%        8


Dungeon Overview and Level Annotations

Branches:
Dungeon (4/15)
 Temple: D:4-7

Altars:


Innate Abilities, Weirdness & Mutations

You are immune to sickness and miasma.
Your stone body is resilient. (AC +4)
You are immune to poison.
You resist negative energy. (rN+)
You are resistant to electric shocks. (rElec)
You are resistant to unholy torment.
You are immune to petrification.


Message History

Confirm with . or Enter, or press ? or * to list all spells.
Aiming: Sandblast (safe; 2% risk of failure)
Press: ? - help, Shift-Dir - straight line, f/p - iguana
Aim: an iguana (84% to hit)
The blast of sand hits the iguana but does no damage.
You hear the slow hiss of a very distant avalanche of sand.
The iguana hisses menacingly.
Casting: Sandblast (safe; 2% risk of failure)
Confirm with . or Enter, or press ? or * to list all spells.
Aiming: Sandblast (safe; 2% risk of failure)
Press: ? - help, Shift-Dir - straight line, f/p - iguana
Aim: an iguana (84% to hit)
The blast of sand hits the iguana but does no damage.
The iguana closely misses you.
You hit the iguana but do no damage. The iguana misses you.
You closely miss the iguana. The iguana barely misses you.
You hit the iguana but do no damage.
The iguana bites you but does no damage.
Your magical contamination has completely faded away.
You hit the iguana.
The iguana is moderately wounded.
The iguana bites you.
You barely miss the iguana.
The iguana is moderately wounded.
The iguana bites you!
Casting: Sandblast (safe; 2% risk of failure)
Confirm with . or Enter, or press ? or * to list all spells.
Aiming: Sandblast (safe; 2% risk of failure)
Press: ? - help, Shift-Dir - straight line, f/p - iguana
Aim: an iguana (moderately wounded, 84% to hit)
The blast of sand hits the iguana.
The iguana is heavily wounded.
The iguana bites you!
* * * LOW HITPOINT WARNING * * *
The iguana closely misses you.
Casting: Sandblast (safe; 2% risk of failure)
Confirm with . or Enter, or press ? or * to list all spells.
You don't know that spell.
The iguana attacks as you move away! The iguana bites you!
You die...

.###.#.##.#........######
.###...<....#####........
.......##.### #.........
.....####.# #.#######+
.....# #.# #.# .....# .#
#.# .....# .. #.# .....#
#. #.# ..^..# . #@#
....... #l# ######## #.+
#.# #.# #.# #.# #.#


You could see an iguana.

Vanquished Creatures
  A jelly (D:4)
  2 adders
  5 worms (D:2)
  2 dart slugs
  3 orcs (D:3)
  4 bats
  5 endoplasms
  3 giant cockroaches
  4 goblins
  A hobgoblin (D:3)
  12 jackals
  2 quokkas (D:1)
  6 ball pythons
  6 frilled lizards
  3 kobolds
  7 rats
66 creatures vanquished.

Notes
Turn   | Place    | Note
-------+----------+-------------------------------------------
     0 | D:1      | PyroL the Gargoyle Earth Elementalist began the quest for
                  | the Orb.
     0 | D:1      | Reached XP level 1. HP: 10/10 MP: 3/3
    98 | D:1      | Reached skill level 1 in Transmutations
    99 | D:1      | Reached XP level 2. HP: 15/15 MP: 1/5
   345 | D:1      | Reached skill level 4 in Earth Magic
   493 | D:1      | Reached XP level 3. HP: 9/19 MP: 1/6
   652 | D:1      | Found a faded altar of an unknown god.
  1390 | D:2      | Reached XP level 4. HP: 24/24 MP: 4/8
  1510 | D:2      | Learned a level 2 spell: Passwall
  1514 | D:2      | Learned a level 3 spell: Stone Arrow
  3052 | D:4      | Reached XP level 5. HP: 8/28 MP: 5/9
  3200 | D:4      | Slain by an iguana

Illustrated notes

Levels and vault maps discovered:
D:1:      psy_arrival_conway, layout_rooms, ebering_ecumenical_altar_hall,
          kennysheep_minor_cross
D:2:      minmay_recursive_quarters, layout_basic
D:3:      layout_basic
D:4:      layout_loops_cross, minmay_temple_entry_junction, enter_ossuary_3,
          minmay_door_square, uniq_natasha

Skill      XL: |  1  2  3  4 |
---------------+-------------+-----
Transmutations | 1 2 |  2.0
Earth Magic    | 4 |  4.9
Spellcasting   | 3 |  3.2
Dodging        | |  1.5
Stealth        | |  2.1
Fire Magic     | |  0.8

Action                   |  1- 3 |  4- 6 || total
-------------------------+-------+-------++-------
Melee: Unarmed           |     7 |       ||     7
       Punch             |     2 |       ||     2
       Whip              |    11 |     8 ||    19
 Cast: Sandblast         |    51 |    50 ||   101
  Use: Scroll            |       |     1 ||     1
 Stab: Sleeping          |       |     1 ||     1
Armor: Robe              |    11 |     6 ||    17
Dodge: Dodged            |    23 |    22 ||    45

Table legend: (Time is in decaauts)
 A = Elapsed time spent in this place.
 B = Non-inter-level travel time spent in this place.
 C = Inter-level travel time spent in this place.
 D = Time resting spent in this place.
 E = Time spent auto-exploring this place.
 F = Levels seen in this place.
 G = Mean time per level.
                   A        B        C        D        E       F      G
               +--------+--------+--------+--------+--------+-----+--------+
         Total |   3254 |   3199 |     55 |     80 |   2713 |   4 |  813.5 |
       Dungeon |   3254 |   3199 |     55 |     80 |   2713 |   4 |  813.5 |
               +--------+--------+--------+--------+--------+-----+--------+

Top non-repeatable levels by time:
     D:2: 1158 daAuts
     D:3: 1116 daAuts
     D:1: 818 daAuts
     D:4: 161 daAuts
